 Dungeon Crawl Stone Soup version 0.16-a0-2179-gb75b79b (webtiles) character file.

98 wvc the Cudgeler (level 4, 0/33 HPs)
             Began as a Demonspawn Gladiator on Nov 14, 2014.
             Slain by a gnoll
             ... wielding a +0 spear
              (3 damage)
             ... on level 2 of the Dungeon.
             The game lasted 00:03:33 (2156 turns).

wvc the Cudgeler (Demonspawn Gladiator)             Turns: 2156, Time: 00:03:33

Health: 0/33       AC: 10    Str: 19    XL:     4   Next: 44%
Magic:  4/4        EV: 12    Int: 10    God:
Gold:   121        SH:  0    Dex: 12    Spells: 0 memorised, 3 levels left

rFire  . . .     SeeInvis .     a - +0 flail
rCold  + . .     Clarity  .     l - +2 leather armour {rC+}
rNeg   . . .     SustAb   .     (no shield)
rPois  .         Gourm    .     c - +0 helmet
rElec  .         Spirit   .     (no cloak)
rCorr  .         Warding  .     (no gloves)
rMut   .         Stasis   .     (no boots)
MR     .....                    (no amulet)
Stlth  +.........               (no ring)
                                n - +3 ring of strength

@: not resistant to hostile enchantments, very unstealthy
A: rough black scales 1, powered by pain 1
a: no special abilities


You were on level 2 of the Dungeon.
You were not hungry.

You visited 1 branch of the dungeon, and saw 2 of its levels.

You collected 121 gold pieces.

Inventory:

Hand weapons
 a - a +0 flail (weapon)
Missiles
 d - 3 throwing nets (quivered)
 i - 2 javelins
 k - 18 poisoned needles
Armour
 b - a +0 leather armour
 c - a +0 helmet (worn)
 l - a +2 leather armour of cold resistance (worn)
Jewellery
 n - a +3 ring of strength (left hand)
Scrolls
 e - a scroll of remove curse {unknown}
 g - 3 scrolls of identify {unknown}
Potions
 h - a potion of restore abilities {unknown}
 j - a potion of brilliance {unknown}
 m - a potion of lignification {unknown}
 o - a potion of haste {unknown}
Comestibles
 f - a bread ration


   Skills:
 - Level 2.0 Fighting
 * Level 4.5 Maces & Flails
 - Level 1.7 Throwing
 + Level 1.0 Armour
 - Level 2.6 Dodging


You had 3 spell levels left.
You didn't know any spells.

Dungeon Overview and Level Annotations

Branches:
Dungeon (2/15)

Altars:


Innate Abilities, Weirdness & Mutations

You are partially covered in rough black scales (AC +4, Dex -1).
You sometimes gain a little power by taking damage.


Message History

You try to slip out of the net.
The gnoll hits you with a whip.
You try to slip out of the net.
The gnoll hits you from afar with a spear!
* * * LOW HITPOINT WARNING * * *
The gnoll hits you but does no damage.
You slip out of the net!
The gnoll hits you from afar with a spear.
* * * LOW HITPOINT WARNING * * *
The gnoll hits you but does no damage.
You hit the gnoll.
The gnoll is moderately wounded.
The gnoll hits you from afar with a spear.
* * * LOW HITPOINT WARNING * * *
The gnoll hits you with a whip.
* * * LOW HITPOINT WARNING * * *
You sock the gnoll!
You kill the gnoll!
The gnoll misses you.
The gnoll hits you from afar with a spear.
You die...

...........# #..# #.#
.####..###.# #..# #.#
.......###.#####..#
#.# ####.#...#........
#.# #............. #.#
#####)### #.# #g# ###
#.# #.#
########.#####.#
#.#####g)@...........#
#.......######.#######
######### ###


You could see a gnoll.

Vanquished Creatures
  Ijyb (D:2)
  2 gnolls (D:2)
  An adder (D:2)
  2 worms (D:2)
  An ooze (D:1)
  7 goblins
  7 hobgoblins
  6 kobolds
  2 bats
  2 giant cockroaches
  3 giant newts
  7 rats
41 creatures vanquished.

Notes
Turn   | Place    | Note
--------------------------------------------------------------
     0 | D:1      | wvc, the Demonspawn Gladiator, began the quest for the Orb.
     0 | D:1      | Reached XP level 1. HP: 16/16 MP: 1/1
   136 | D:1      | Reached skill level 3 in Maces & Flails
   331 | D:1      | Gained mutation: You sometimes gain a little power by taking damage. [demonic ancestry]
   331 | D:1      | Reached XP level 2. HP: 22/22 MP: 2/2
   951 | D:2      | Gained mutation: You are partially covered in rough black scales (AC +4, Dex -1). [demonic ancestry]
   951 | D:2      | Reached XP level 3. HP: 2/27 MP: 3/3
  1256 | D:2      | Noticed Ijyb
  1295 | D:2      | Killed Ijyb
  1295 | D:2      | Reached skill level 4 in Maces & Flails
  1775 | D:2      | Reached XP level 4. HP: 26/33 MP: 4/4
  2137 | D:2      | Reached skill level 1 in Armour
  2156 | D:2      | Slain by a gnoll

Action                   |  1- 3 |  4- 6 || total
-------------------------+-------+-------++-------
Melee: Flail             |   148 |    16 ||   164
Throw: Throwing net      |     2 |       ||     2
  Use: Scroll            |     1 |       ||     1
  Eat: Meat ration       |     1 |       ||     1
